[Event "*** Titled Tuesday Blitz"]
[Site "Chess.com"]
[Date "2021.04.06"]
[Round "8"]
[White "DaroZin"]
[Black "Sychev_Klementy"]
[Result "0-1"]
[WhiteElo "2591"]
[BlackElo "2879"]
[TimeControl "180+1"]
[EndTime "11:23:14 PDT"]
[Termination "Sychev_Klementy won by resignation"]

1. e4 e5 2. Nf3 Nc6 3. Bb5 a6 4. Ba4 b5 5. Bb3 Na5 6. O-O d6 7. h3 Nf6 8. Re1 Be7 9. d4 exd4 10. Nxd4 c5 11. Nf3 c4 0-1

[Event "*** Titled Tuesday Blitz"]
[Site "Chess.com"]
[Date "2021.04.06"]
[Round "8"]
[White "Maddie"]
[Black "Vandros57"]
[Result "1/2-1/2"]
[WhiteElo "2068"]
[BlackElo "2203"]
[TimeControl "180+1"]
[EndTime "11:23:48 PDT"]
[Termination "Game drawn by agreement"]

1. d4 Nf6 2. e3 d5 3. Bd3 c6 4. f4 Bg4 5. Nf3 Bxf3 6. Qxf3 e6 7. O-O Nbd7 8. Nd2 Bd6 9. c3 Qc7 10. e4 dxe4 11. Nxe4 Nxe4 12. Bxe4 Nf6 13. Bc2 O-O-O 14. g3 h5 15. f5 1/2-1/2

[Event "*** Titled Tuesday Blitz"]
[Site "Chess.com"]
[Date "2021.04.06"]
[Round "8"]
[White "rquery98"]
[Black "DrVelja"]
[Result "1-0"]
[WhiteElo "2667"]
[BlackElo "2849"]
[TimeControl "180+1"]
[EndTime "11:24:09 PDT"]
[Termination "rquery98 won by resignation"]

1. Nf3 d5 2. g3 c6 3. Bg2 Bf5 4. c4 e6 5. Qb3 Qb6 6. d3 Nd7 7.
cxd5 exd5 8. Qc2 Ngf6 9. Nc3 Be7 10. O-O h6 11. e4 dxe4 12. dxe4 Bh7 13. Be3 Qa6 14. Rfe1 O-O 15. a3 Nc5 16. Bf1 b6 17. Bxa6 1-0

[Event "*** Titled Tuesday Blitz"]
[Site "Chess.com"]
[Date "2021.04.06"]
[Round "8"]
[White "guillembaches"]
[Black "biostatistician"]
[Result "1-0"]
[WhiteElo "2514"]
[BlackElo "2608"]
[TimeControl "180+1"]
[EndTime "11:24:14 PDT"]
[Termination "guillembaches won by resignation"]

1. e4 e6 2. d4 d5 3. exd5 exd5 4. Nf3 Nf6 5. Bd3 Be7 6. O-O Bg4 7. Bg5 O-O 8. Nbd2 Nbd7 9. c3 c6 10. Qc2 Bh5 11.
Rae1 Bg6 12. Ne5 Nxe5 13. dxe5 Bxd3 14. Qxd3 Nd7 15. Bxe7 Qxe7 16. f4 Rae8 17. Nb3 Nc5 18. Nxc5 Qxc5+ 19. Kh1 Re7 20. f5 Rfe8 21. f6 Rxe5 22. Rxe5 Rxe5 23. Qg3 1-0

[Event "*** Titled Tuesday Blitz"]
[Site "Chess.com"]
[Date "2021.04.06"]
[Round "8"]
[White "Yaryi_sergey"]
[Black "tteshan"]
[Result "1-0"]
[WhiteElo "2511"]
[BlackElo "2304"]
[TimeControl "180+1"]
[EndTime "11:24:29 PDT"]
[Termination "Yaryi_sergey won by resignation"]

1. Nf3 Nf6 2. d4 d5 3. g3 c5 4. Bg2 Nc6 5. O-O Bf5 6. c3 h6 7. dxc5 a5 8. Nd4 Bh7 9. Qb3 e5 10. Qxb7 Rc8 11. Nxc6 Qd7 12. Qxd7+ Nxd7 13. Nxa5 Nxc5 14. Bxd5 Bd6 15. Nb7 Bb8 16. Nxc5 Rxc5 17. c4 Ke7 18. e4 Rhc8 19. b3 f5 20. Ba3 1-0

[Event "*** Titled Tuesday Blitz"]
[Site "Chess.com"]
[Date "2021.04.06"]
[Round "8"]
[White "Flopezin"]
[Black "Ural_bogatyr"]
[Result "0-1"]
[WhiteElo "2338"]
[BlackElo "2461"]
[TimeControl "180+1"]
[EndTime "11:24:43 PDT"]
[Termination "Ural_bogatyr won by resignation"]

1. c4 Nf6 2. Nc3 e6 3. e4 d5 4.
cxd5 exd5 5. e5 Ne4 6. Nf3 Nc6 7.
Bb5 Bc5 8. O-O O-O 9. Qe2 Bf5 10. d3 Nxc3 11. bxc3 d4 12. Bxc6 bxc6 13. cxd4 Bxd4 14. Rb1 Bxd3 15. Qd2 Bxf1 16. Kxf1 c5 17. Ba3 Re8 18. Qf4 Qd5 19. Rd1 Qc4+ 20. Kg1 Bxf2+ 21. Kxf2 Qxf4 0-1

[Event "*** Titled Tuesday Blitz"]
[Site "Chess.com"]
[Date "2021.04.06"]
[Round "8"]
[White "MirMan90"]
[Black "Treacherous_horse64"]
[Result "1-0"]
[WhiteElo "2676"]
[BlackElo "2421"]
[TimeControl "180+1"]
[EndTime "11:24:46 PDT"]
[Termination "MirMan90 won by resignation"]

1. d4 d5 2. c4 e6 3. Nc3 Bb4 4. a3 Bxc3+ 5. bxc3 Nf6 6. e3 c5 7. cxd5 exd5 8. Bd3 Nbd7 9. Ne2 b6 10. O-O O-O 11. f3 a5 12. Ng3 Re8 13. e4 Nf8 14. e5 N6d7 15. f4 cxd4 16. cxd4 g6 17. f5 b5 18. Qd2 Qb6 19. Qf2 Nb8 20. fxg6 1-0

[Event "*** Titled Tuesday Blitz"]
[Site "Chess.com"]
[Date "2021.04.06"]
[Round "8"]
[White "friesnielsen2302"]
[Black "gmcorrales"]
[Result "0-1"]
[WhiteElo "2528"]
[BlackElo "2774"]
[TimeControl "180+1"]
[EndTime "11:24:57 PDT"]
[Termination "gmcorrales won by resignation"]

1. e4 c5 2. Nf3 d6 3. d4 cxd4 4. Nxd4 Nf6 5. Nc3 a6 6. b3 e5 7. Nf3 h6 8. Be2 Be7 9. O-O O-O 10. a4 Be6 11. Re1 Nbd7 12. Nd2 Rc8 13. Nc4 Nb6 14.
Nxb6 Qxb6 15. Bb2 Rxc3 16. a5 Qc7 17. Bxc3 Qxc3 18. Bd3 Rc8 19. h3 Bd8 20. Qe2 Bxa5 21. Red1 Bb6 22. Kh2 g6 23. Ra4 Kg7 24. g3 Qc5 25.
Kg2 h5 26. Bc4 Bd7 27. Raa1 Nxe4 28. Qxe4 Qxf2+ 29. Kh1 Bc6 30. Bd5 Bxd5 31. Rxd5 Rxc2 0-1

[Event "*** Titled Tuesday Blitz"]
[Site "Chess.com"]
[Date "2021.04.06"]
[Round "8"]
[White "serena-maria"]
[Black "HouseOfDurin"]
[Result "1-0"]
[WhiteElo "2346"]
[BlackElo "2157"]
[TimeControl "180+1"]
[EndTime "11:25:11 PDT"]
[Termination "serena-maria won by resignation"]

1. Nf3 c5 2. c4 Nc6 3. d4 cxd4 4.
Nxd4 e5 5. Nxc6 bxc6 6. Nc3 Nf6 7.
g3 Bb4 8. Bg2 O-O 9. O-O Bxc3 10. bxc3 d5 11. cxd5 cxd5 12. c4 Be6 13. Bg5 e4 14.
cxd5 Qxd5 15. Bxf6 gxf6 16. Qa4 f5 17. Rfd1 Qe5 18. Rac1 a5 19. Qa3 Rac8 20. Qe7 Rfe8 21.
Rxc8 1-0

[Event "*** Titled Tuesday Blitz"]
[Site "Chess.com"]
[Date "2021.04.06"]
[Round "8"]
[White "Rodchenkov_Vitalij"]
[Black "shreyansshah123"]
[Result "1-0"]
[WhiteElo "2135"]
[BlackElo "1637"]
[TimeControl "180+1"]
[EndTime "11:25:21 PDT"]
[Termination "Rodchenkov_Vitalij won by resignation"]

1. Nf3 Nf6 2. c4 e6 3. g3 d5 4. d4 c6 5. Bg2 dxc4 6. a4 Bb4+ 7.
Bd2 Bxd2+ 8. Nbxd2 Qa5 9. O-O O-O 10. Nxc4 Qc7 11. Qc2 Nbd7 12. b4 Nb6 13. Nce5 Nbd7 14.
b5 Nxe5 15. dxe5 Nd7 16. Rac1 c5 17. Qe4 f5 18. exf6 Nxf6 19. Qc4 b6 20. Ne5 Rb8 21. Nc6 Rb7 22. Rfd1 Bd7 23. a5 Bxc6 24. Qxe6+ Kh8 25. Qxc6 Qf7 26. Qxb7 1-0

[Event "*** Titled Tuesday Blitz"]
[Site "Chess.com"]
[Date "2021.04.06"]
[Round "8"]
[White "Shahaliyev"]
[Black "marianokar"]
[Result "0-1"]
[WhiteElo "2645"]
[BlackElo "2550"]
[TimeControl "180+1"]
[EndTime "11:25:22 PDT"]
[Termination "marianokar won by resignation"]

1. Nf3 Nf6 2. c4 e6 3. Nc3 d5 4. cxd5 exd5 5. d4 c6 6. Bf4 Bf5 7. Nh4 Bg6 8. Nxg6 hxg6 9. Qb3 Qb6 10. Qxb6 axb6 11. h3 Nbd7 12. e3 b5 13. Bd3 Nb6 14.
b3 Bb4 15. Kd2 Ne4+ 16. Bxe4 dxe4 17. Kc2 Bxc3 18. Kxc3 Nd5+ 19. Kd2 b4 20. f3 f5 21.
fxe4 fxe4 22. Be5 O-O 23. Rhf1 Rxf1 24. Rxf1 Rxa2+ 25. Kc1 Ra1+ 0-1

[Event "*** Titled Tuesday Blitz"]
[Site "Chess.com"]
[Date "2021.04.06"]
[Round "8"]
[White "The_filthy"]
[Black "Semetey"]
[Result "0-1"]
[WhiteElo "2377"]
[BlackElo "2532"]
[TimeControl "180+1"]
[EndTime "11:25:22 PDT"]
[Termination "Semetey won by resignation"]

1. e4 c5 2. Nf3 d6 3. d4 cxd4 4. Nxd4 Nf6 5. Nc3 a6 6. Be3 e5 7. Nb3 Be6 8. f3 Be7 9. Qd2 O-O 10. g4 d5 11. exd5 Nxd5 12. Nxd5 Bxd5 13. O-O-O Bxf3 14. Qxd8 Rxd8 15. Rxd8+ Bxd8 16. Rg1 Nc6 17. Nc5 Nd4 18.
Rg3 Bc6 19. c3 Nb5 20. a4 Nd6 21. Nd3 Ne4 22. Rg1 Bxa4 23. Nxe5 Bc7 24. Nf3 Re8 25.
Bd3 Nxc3 26. Re1 Na2+ 27. Kb1 Nb4 28. Bc4 b5 29. Bf1 Nc2 0-1

[Event "*** Titled Tuesday Blitz"]
[Site "Chess.com"]
[Date "2021.04.06"]
[Round "8"]
[White "NTBT_DHS"]
[Black "Eliwood44"]
[Result "1-0"]
[WhiteElo "2718"]
[BlackElo "2512"]
[TimeControl "180+1"]
[EndTime "11:25:24 PDT"]
[Termination "NTBT_DHS won by resignation"]

1. d4 Nf6 2. c4 e6 3. Nf3 d5 4. g3 Be7 5. Bg2 O-O 6. O-O dxc4 7. Qc2 a6 8. Qxc4 b5 9. Qc2 Bb7 10. Nbd2 Nbd7 11. Nb3 c5 12. Nxc5 Nxc5 13. dxc5 b4 14. Be3 Nd5 15. Bd4 Rc8 16. Rfd1 Qa5 17. Rac1 Qxa2 18.
Ra1 b3 19. Qd2 Bc6 20. Rxa2 bxa2 21. Ra1 Rb8 22. Rxa2 Rb3 23. Ne5 1-0

[Event "*** Titled Tuesday Blitz"]
[Site "Chess.com"]
[Date "2021.04.06"]
[Round "8"]
[White "googlegoom"]
[Black "SF-96"]
[Result "0-1"]
[WhiteElo "2444"]
[BlackElo "2578"]
[TimeControl "180+1"]
[EndTime "11:25:28 PDT"]
[Termination "SF-96 won by resignation"]

1. Nf3 Nf6 2. b3 g6 3. Bb2 Bg7 4. e3 O-O 5. d4 d5 6. Be2 Ne4 7. O-O c5 8. Nbd2 Nc6 9. c3 cxd4 10.
Nxe4 dxe4 11. Nxd4 Ne5 12. Qc2 Nd3 13. Rfd1 e5 14.
Nb5 a6 15. Na3 Bf5 16. f3 Qg5 17. fxe4 Qxe3+ 0-1

[Event "*** Titled Tuesday Blitz"]
[Site "Chess.com"]
[Date "2021.04.06"]
[Round "8"]
[White "EvgenyT"]
[Black "ENajer77"]
[Result "0-1"]
[WhiteElo "2905"]
[BlackElo "2675"]
[TimeControl "180+1"]
[EndTime "11:25:37 PDT"]
[Termination "ENajer77 won by resignation"]

1. c4 e5 2. g3 d6 3. Nc3 f5 4. d4 Be7 5. Bg2 Nf6 6. Nf3 e4 7. Ng5 c6 8. d5 O-O 9. O-O Na6 10. Kh1 Nc7 11. Nf3 exf3 12. Bxf3 cxd5 13. cxd5 Nd7 14.
Bg2 Bf6 15. Be3 Ne5 16. Rc1 Nc4 17. Bf4 g5 18. Qb3 Na5 19. Qb4 Na6 20. Qxd6 gxf4 21. Qxf4 Bg5 0-1

[Event "*** Titled Tuesday Blitz"]
[Site "Chess.com"]
[Date "2021.04.06"]
[Round "8"]
[White "louis198"]
[Black "tylityli"]
[Result "1-0"]
[WhiteElo "2558"]
[BlackElo "2344"]
[TimeControl "180+1"]
[EndTime "11:25:43 PDT"]
[Termination "louis198 won by resignation"]

1. d4 Nf6 2. c4 e6 3. Nc3 Bb4 4. Qb3 a5 5. a3 Bxc3+ 6. Qxc3 d6 7.
e3 a4 8. Bd3 Qe7 9. Ne2 e5 10.
O-O O-O 11. Ng3 e4 12. Bc2 Bd7 13. Rd1 b5 14. cxb5 Bxb5 15. b3 Nd5 16. Qb2 f5 17.
bxa4 Bc6 18. Bd2 Kh8 19. a5 Nd7 20. Rac1 Bb5 21. Qxb5 1-0

[Event "*** Titled Tuesday Blitz"]
[Site "Chess.com"]
[Date "2021.04.06"]
[Round "8"]
[White "oogee"]
[Black "kamilianin235"]
[Result "1-0"]
[WhiteElo "2385"]
[BlackElo "2256"]
[TimeControl "180+1"]
[EndTime "11:25:49 PDT"]
[Termination "oogee won by resignation"]

1. d4 d5 2. c4 dxc4 3. e3 Nf6 4.
Bxc4 e6 5. Nf3 c5 6. O-O a6 7.
Nc3 b5 8. Bb3 Nbd7 9. d5 exd5 10.
Nxd5 Bb7 11. e4 Be7 12. Nxe7 Qxe7 13. e5 Ng4 14. Bg5 Qf8 15. Re1 c4 16. e6 fxe6 17. Rxe6+ Kf7 18. Qxd7+ Kg8 19. Qxb7 cxb3 20. axb3 h6 21.
Be7 Qe8 22. h3 1-0

[Event "*** Titled Tuesday Blitz"]
[Site "Chess.com"]
[Date "2021.04.06"]
[Round "8"]
[White "vinniethepooh"]
[Black "AlexSuv"]
[Result "1-0"]
[WhiteElo "2729"]
[BlackElo "2574"]
[TimeControl "180+1"]
[EndTime "11:25:55 PDT"]
[Termination "vinniethepooh won by resignation"]

1. d4 Nf6 2. c4 e6 3. Nc3 Bb4 4. f3 d5 5. a3 Be7 6. e4 dxe4 7. fxe4 e5 8. d5 a5 9. Nf3 Bg4 10. Be3 Nbd7 11. Be2 Bxf3 12. Bxf3 Bc5 13. Qd2 b6 14. O-O O-O 15. Kh1 a4 16. Rae1 Bxe3 17. Rxe3 Nc5 18. Bd1 Ne8 19. Rg3 Nd6 20. Qh6 g6 21. Rh3 Re8 22. Qxh7+ Kf8 23. Qh8+ Ke7 24. Qf6+ Kd7 25.
Bg4+ Nf5 26. Qc6+ Ke7 27. exf5 gxf5 28. Rxf5 Rg8 29. Qf6+ 1-0

[Event "*** Titled Tuesday Blitz"]
[Site "Chess.com"]
[Date "2021.04.06"]
[Round "8"]
[White "ChessWarrior7197"]
[Black "Chesswizard_2007"]
[Result "1-0"]
[WhiteElo "2918"]
[BlackElo "2715"]
[TimeControl "180+1"]
[EndTime "11:26:01 PDT"]
[Termination "ChessWarrior7197 won by resignation"]

1. e4 e5 2. Nf3 Nf6 3. d4 Nxe4 4. Bd3 d5 5. Nxe5 Bd6 6. O-O O-O 7. Nd2 Nxd2 8.
Bxd2 Nd7 9. Nxd7 Qxd7 10. Qh5 g6 11. Qf3 c6 12. Rfe1 Kg7 13. Bf4 Bxf4 14. Qxf4 Qg4 15. Qe5+ Kg8 16. Qf6 Qh5 17. Re7 Qh6 18. Rae1 Qg7 19.
Qd6 Qxd4 20. Re8 Qg7 21. Qd8 b5 22. Rxf8+ Qxf8 23. Re8 Bb7 24. Rxf8+ Kg7 25. Rxf7+ Kxf7 26. Qc7+ Kf6 27. Qxb7 Re8 28. Qxc6+ Re6 29. Qxd5 Re5 30. Qd4 1-0

[Event "*** Titled Tuesday Blitz"]
[Site "Chess.com"]
[Date "2021.04.06"]
[Round "8"]
[White "VinzentSpitzl"]
[Black "maximnovik"]
[Result "1-0"]
[WhiteElo "2431"]
[BlackElo "2557"]
[TimeControl "180+1"]
[EndTime "11:26:03 PDT"]
[Termination "VinzentSpitzl won by checkmate"]

1. e4 c6 2. d4 d5 3. Nd2 dxe4 4.
Nxe4 Bf5 5. Ng3 Bg6 6. Nh3 Nf6 7. Nf4 e5 8. dxe5 Qa5+ 9. Bd2 Qxe5+ 10. Be2 Nbd7 11.
O-O O-O-O 12. Nd3 Qc7 13. a4 h5 14. h4 Bd6 15. a5 Bxg3 16. fxg3 Qxg3 17. Bf4 Qxh4 18. a6 Nd5 19. axb7+ Kxb7 20. c4 Bxd3 21. cxd5 Bxe2 22. dxc6+ Kxc6 23. Qd6+ Kb7 24. Qc7+ Ka8 25.
Qxa7# 1-0

[Event "*** Titled Tuesday Blitz"]
[Site "Chess.com"]
[Date "2021.04.06"]
[Round "8"]
[White "Omk124"]
[Black "erdni1993"]
[Result "0-1"]
[WhiteElo "2578"]
[BlackElo "2505"]
[TimeControl "180+1"]
[EndTime "11:26:06 PDT"]
[Termination "erdni1993 won by resignation"]

1. e4 c5 2. Nf3 e6 3. d4 cxd4 4.
Nxd4 Nc6 5. Nc3 Qc7 6. g3 a6 7. Bg2 d6 8. O-O Bd7 9. h3 Be7 10. Nxc6 Bxc6 11. Be3 Nf6 12. a4 Nd7 13. Re1 O-O 14. Qh5 f5 15. exf5 Rxf5 16. Qe2 Bxg2 17. Kxg2 Raf8 18. f4 Qc6+ 19. Kh2 e5 20. Rad1 exf4 21.
Bxf4 Ne5 22. Nd5 Bd8 23. b3 g5 24. Be3 Nf3+ 25. Kg2 Nxe1+ 26. Rxe1 Qxd5+ 27. Kg1 Qe4 28. Qd2 Qf3 29. Qxd6 Qxe3+ 0-1

[Event "*** Titled Tuesday Blitz"]
[Site "Chess.com"]
[Date "2021.04.06"]
[Round "8"]
[White "gumimis"]
[Black "rynos0411"]
[Result "0-1"]
[WhiteElo "2321"]
[BlackElo "2450"]
[TimeControl "180+1"]
[EndTime "11:26:17 PDT"]
[Termination "rynos0411 won by checkmate"]

1. e4 c6 2. d4 d5 3. f3 dxe4 4. fxe4 e5 5. Nf3 Bg4 6. Bc4 Nd7 7. O-O Ngf6 8. Qe1 Bd6 9. dxe5 Nxe5 10. Nxe5 Bxe5 11.
Nc3 O-O 12. Bf4 Bxf4 13. Rxf4 Qd4+ 14. Kh1 Qxc4 15. Rxf6 gxf6 16. Qg3 Qe6 17. h3 Kh8 18. hxg4 Rg8 19. Rf1 Rxg4 20. Qh3 Rag8 21. Rf5 R4g5 22. Kg1 Rxf5 23. exf5 Qe1+ 24. Kh2 Rg5 25. Qh6 Qg3+ 26. Kh1 Qxg2# 0-1

[Event "*** Titled Tuesday Blitz"]
[Site "Chess.com"]
[Date "2021.04.06"]
[Round "8"]
[White "FMalexhdez"]
[Black "if_name_main_a"]
[Result "1-0"]
[WhiteElo "2202"]
[BlackElo "2324"]
[TimeControl "180+1"]
[EndTime "11:26:18 PDT"]
[Termination "FMalexhdez won by resignation"]

1. e4 e6 2. d4 d5 3. Nd2 c5 4.
Ngf3 cxd4 5. exd5 Qxd5 6. Bc4 Qd7 7. O-O Nc6 8. Nb3 a6 9. Nbxd4 Nxd4 10. Qxd4 Qxd4 11.
Nxd4 b5 12. Bb3 Bb7 13. a4 b4 14. a5 Bc5 15. Ba4+ Kd8 16. Nc6+ Kc7 17. Bf4+ Bd6 18.
Bxd6+ Kxd6 19. Rad1+ Kc5 20. Ne5 Bd5 21. Nxf7 Nf6 22.
Nxh8 Rxh8 23. Bb3 Bxb3 24. cxb3 Nd5 25. Rfe1 Re8 26. Re4 h6 27. Rc4+ Kb5 28. Rdc1 Kxa5 29. Rc6 Rb8 30. Rxe6 Kb5 31. Rd6 Nf4 32. Rc4 Re8 33.
Kf1 g5 34. g3 Nh3 35. Rxh6 1-0

[Event "*** Titled Tuesday Blitz"]
[Site "Chess.com"]
[Date "2021.04.06"]
[Round "8"]
[White "attack2mateU"]
[Black "volkanyirik"]
[Result "1-0"]
[WhiteElo "2683"]
[BlackElo "2425"]
[TimeControl "180+1"]
[EndTime "11:26:22 PDT"]
[Termination "attack2mateU won by checkmate"]

1. e4 g6 2. d4 Bg7 3. Nc3 c5 4. d5 d6 5. Nf3 a6 6. a4 Bg4 7. h3 Bxf3 8. Qxf3 Nd7 9. Be2 Ngf6 10. O-O O-O 11. Qg3 Ne8 12. Bg5 h6 13. Bd2 Rb8 14.
f4 Nc7 15. e5 dxe5 16. f5 g5 17. h4 f6 18. Ne4 b5 19. axb5 Nxb5 20. Rxa6 Nd4 21.
Bc4 Rxb2 22. hxg5 hxg5 23. d6+ Kh7 24. dxe7 Qxe7 25. Nxg5+ fxg5 26. Qh3+ Bh6 27. Qxh6# 1-0

[Event "*** Titled Tuesday Blitz"]
[Site "Chess.com"]
[Date "2021.04.06"]
[Round "8"]
[White "paulrusan"]
[Black "prachiti01"]
[Result "0-1"]
[WhiteElo "2268"]
[BlackElo "2173"]
[TimeControl "180+1"]
[EndTime "11:26:26 PDT"]
[Termination "prachiti01 won by checkmate"]

1. e4 e6 2. Nf3 d5 3. e5 c5 4. b4 cxb4 5. a3 bxa3 6. d4 Nc6 7.
c3 a2 8. Rxa2 f6 9. Bd3 fxe5 10.
dxe5 g6 11. Bf4 Bg7 12. O-O Nge7 13. Nbd2 O-O 14. Bg3 Nf5 15. Re1 Nxg3 16. hxg3 Qc7 17. Qe2 Bd7 18. c4 d4 19. Qe4 Nb4 20. Rb2 Bc6 21.
Qh4 Nxd3 22. Ng5 h6 23. Nxe6 Qf7 24. Nxf8 Qxf2+ 25. Kh2 Qxg2# 0-1

[Event "*** Titled Tuesday Blitz"]
[Site "Chess.com"]
[Date "2021.04.06"]
[Round "8"]
[White "zurzan"]
[Black "2008king"]
[Result "1-0"]
[WhiteElo "1997"]
[BlackElo "2184"]
[TimeControl "180+1"]
[EndTime "11:26:29 PDT"]
[Termination "zurzan won by resignation"]

1. f4 d5 2. Nf3 c5 3. g3 Nc6 4. Bg2 Nf6 5. O-O e6 6. d3 Bd6 7.
c3 b6 8. Qc2 Bb7 9. a4 O-O 10.
Na3 a6 11. h3 e5 12. fxe5 Nxe5 13. Nxe5 Bxe5 14. Bf4 Qe7 15. Rae1 Bxf4 16. Rxf4 Qe3+ 17.
Kh2 Nh5 18. Rf3 Qe5 19. d4 Qd6 20. Qf5 g6 21. Qe5 Qxe5 22. dxe5 Rae8 23. g4 Ng7 24. Rf6 Re6 25. Rxe6 fxe6 26. c4 Rd8 27. Rd1 Kf7 28. cxd5 Bxd5 29. e4 1-0

[Event "*** Titled Tuesday Blitz"]
[Site "Chess.com"]
[Date "2021.04.06"]
[Round "8"]
[White "Harry_Rakkel"]
[Black "andrewtnb"]
[Result "1-0"]
[WhiteElo "2578"]
[BlackElo "2362"]
[TimeControl "180+1"]
[EndTime "11:26:35 PDT"]
[Termination "Harry_Rakkel won by resignation"]

1. d4 Nf6 2. c4 e6 3. Nc3 Bb4 4.
Nf3 d5 5. cxd5 exd5 6. Bg5 Nbd7 7. e3 c5 8. dxc5 Qa5 9. Bxf6 Nxf6 10. Rc1 Bxc3+ 11.
Rxc3 Ne4 12. Qxd5 Nxc3 13. Qe5+ Be6 14. bxc3 O-O 15. Bd3 h6 16. O-O Rac8 17. Nd4 Bxa2 18. Nf5 f6 19. Ne7+ Kh8 20. Qf5 1-0

[Event "*** Titled Tuesday Blitz"]
[Site "Chess.com"]
[Date "2021.04.06"]
[Round "8"]
[White "Michaelson_11"]
[Black "Larciano"]
[Result "1-0"]
[WhiteElo "2200"]
[BlackElo "1967"]
[TimeControl "180+1"]
[EndTime "11:26:46 PDT"]
[Termination "Michaelson_11 won on time"]

1. e4 e5 2. Nf3 Nc6 3. Nc3 Nf6 4. Bb5 d6 5. d4 exd4 6. Nxd4 Bd7 7. Bxc6 bxc6 8.
Qf3 Be7 9. e5 dxe5 10. Nxc6 Bxc6 11. Qxc6+ Nd7 12. Be3 O-O 13. O-O-O Bd6 14. Ne4 Nf6 15.
Bg5 Rb8 16. Bxf6 gxf6 17. Nxd6 Rb6 18. Nf5 Qxd1+ 19. Rxd1 Rxc6 20. Ne7+ 1-0

[Event "*** Titled Tuesday Blitz"]
[Site "Chess.com"]
[Date "2021.04.06"]
[Round "8"]
[White "ehrenfeld"]
[Black "TimofeevAr"]
[Result "0-1"]
[WhiteElo "2534"]
[BlackElo "2832"]
[TimeControl "180+1"]
[EndTime "11:26:50 PDT"]
[Termination "TimofeevAr won by resignation"]

1. e4 d5 2. exd5 Nf6 3. d4 Nxd5 4. Nf3 g6 5. Be2 Bg7 6. O-O O-O 7. c3 b6 8. Na3 Bb7 9. Nc4 Nd7 10. Re1 c5 11.
Bg5 h6 12. Bh4 g5 13. Bg3 Rc8 14. Bf1 Re8 15. h4 g4 16. Nfe5 h5 17. Bd3 cxd4 18.
cxd4 Nb4 19. Bb1 Nxe5 20. Nxe5 Qd5 21. Be4 Qxe4 22. Rxe4 Bxe4 23. Qb3 Bxe5 24. dxe5 Nc2 25. Rf1 e6 26. f3 gxf3 27. gxf3 Bg6 28. Bf2 Red8 29. Rc1 Rd2 30. Qb4 Nxb4 0-1

[Event "*** Titled Tuesday Blitz"]
[Site "Chess.com"]
[Date "2021.04.06"]
[Round "8"]
[White "chess4life23"]
[Black "Ajedrez_con_German"]
[Result "0-1"]
[WhiteElo "2350"]
[BlackElo "2474"]
[TimeControl "180+1"]
[EndTime "11:26:52 PDT"]
[Termination "Ajedrez_con_German won by resignation"]

1. d4 c5 2. d5 g6 3. e4 d6 4. Nc3 Bg7 5. Be3 Nf6 6. Qd2 Qa5 7. h3 O-O 8. Nf3 e6 9. dxe6 Bxe6 10. Be2 Nc6 11. O-O Rfd8 12. Rad1 a6 13. Ng5 Ne5 14. Nxe6 fxe6 15. f4 Nc6 16. Bc4 Nd4 17. Bxd4 cxd4 18. Bxe6+ Kh8 19. Qxd4 Nh5 20. Qe3 Re8 21. Bd5 Qb4 22.
Rb1 Rac8 23. Rf3 Bd4 0-1

[Event "*** Titled Tuesday Blitz"]
[Site "Chess.com"]
[Date "2021.04.06"]
[Round "8"]
[White "GMaka"]
[Black "maximych26"]
[Result "1-0"]
[WhiteElo "2467"]
[BlackElo "2272"]
[TimeControl "180+1"]
[EndTime "11:26:56 PDT"]
[Termination "GMaka won by checkmate"]

1. d4 Nf6 2. Bg5 Ne4 3. Bf4 c5 4. f3 Nf6 5. d5 d6 6. e4 Qb6 7. b3 g6 8. Bd2 Bg7 9. Bc3 O-O 10.
Nd2 Qc7 11. a4 Na6 12. Bxa6 bxa6 13. Nc4 Nd7 14. Bxg7 Kxg7 15. h4 f5 16. h5 fxe4 17. fxe4 Nf6 18. hxg6 hxg6 19. Qd2 Ng4 20. Nf3 Bd7 21.
Qg5 Rf6 22. Qh4 Rg8 23. O-O-O Qb8 24. e5 dxe5 25. d6 exd6 26. Qh7+ Kf8 27. Qxd7 e4 28. Rh7 Qe8 29. Qxe8+ Kxe8 30. Nxd6+ Kf8 31. Nxe4 Rf4 32. Rd8# 1-0

[Event "*** Titled Tuesday Blitz"]
[Site "Chess.com"]
[Date "2021.04.06"]
[Round "8"]
[White "BahadirOzen"]
[Black "Chigorinetz"]
[Result "0-1"]
[WhiteElo "2710"]
[BlackElo "2531"]
[TimeControl "180+1"]
[EndTime "11:26:59 PDT"]
[Termination "Chigorinetz won by resignation"]

1. g3 h5 2. Nf3 Nc6 3. d4 d5 4. c4 Bg4 5. Nc3 Bxf3 6. exf3 e6 7. cxd5 exd5 8. Qb3 Bb4 9. Bb5 Qd6 10. Bf4 Qe6+ 11. Kf1 Qh3+ 12. Kg1 Bxc3 13. Bxc6+ bxc6 14. Qb7 Rd8 15. Qxc6+ Kf8 16. Qxc3 Ne7 17. Re1 Ng6 18. Qxc7 Rc8 19.
Bd6+ Kg8 20. Qxa7 Rh6 21. a4 Nh4 22. gxh4 Rxd6 0-1

[Event "*** Titled Tuesday Blitz"]
[Site "Chess.com"]
[Date "2021.04.06"]
[Round "8"]
[White "Gusarov91"]
[Black "Stormeman100100"]
[Result "1-0"]
[WhiteElo "2637"]
[BlackElo "2527"]
[TimeControl "180+1"]
[EndTime "11:27:02 PDT"]
[Termination "Gusarov91 won by resignation"]

1. d4 Nf6 2. Nf3 d5 3. c4 e6 4. g3 dxc4 5. Qa4+ Nbd7 6. Bg2 a6 7. Qxc4 b5 8. Qc2 Bb7 9. O-O Be7 10. Bf4 c5 11. dxc5 Nxc5 12. Rd1 Qb6 13. Nc3 O-O 14. a4 b4 15. a5 b3 16. Qxh7+ Kxh7 17. axb6 Rfd8 18.
Ng5+ Kg6 19. Rxd8 Bxd8 20. Bxb7 Nxb7 21. Ra3 Nh5 22. Nf3 Nxf4 23. gxf4 f6 24. Rxb3 Rc8 25. Ra3 Nc5 26. Na4 Nd7 27. b7 Rb8 28. Rb3 Kf5 29.
Nd4+ Kxf4 30. Nc6 Bc7 31. Nxb8 Bxb8 32. Rd3 Ne5 33. Rd8 Ba7 34. Ra8 1-0

[Event "*** Titled Tuesday Blitz"]
[Site "Chess.com"]
[Date "2021.04.06"]
[Round "8"]
[White "Zq1"]
[Black "Supernotar"]
[Result "0-1"]
[WhiteElo "2552"]
[BlackElo "2703"]
[TimeControl "180+1"]
[EndTime "11:27:03 PDT"]
[Termination "Supernotar won by resignation"]

1. d4 d5 2. c4 dxc4 3. Nf3 Nf6 4. e3 e6 5. Bxc4 a6 6. Bb3 b5 7. a4 b4 8. O-O Bb7 9. Qe2 Nbd7 10. Rd1 c5 11.
Nbd2 Be7 12. e4 O-O 13. e5 Nd5 14. Ne4 cxd4 15. Rxd4 h6 16. h3 Qc7 17. Bd2 Nxe5 18. Rc1 Nxf3+ 19. Qxf3 Qe5 20. Rdc4 Qxb2 21. R1c2 Qa1+ 22.
Rc1 Qe5 23. Nc5 Bxc5 24. Rxc5 Qd4 25. Be3 Nxe3 26. Qxb7 Nf5 27. R5c4 Qb2 28. Bd1 a5 29. Bg4 Nd6 0-1

[Event "*** Titled Tuesday Blitz"]
[Site "Chess.com"]
[Date "2021.04.06"]
[Round "8"]
[White "hleol"]
[Black "RamyresCoelho"]
[Result "1-0"]
[WhiteElo "2339"]
[BlackElo "2178"]
[TimeControl "180+1"]
[EndTime "11:27:03 PDT"]
[Termination "hleol won by resignation"]

1. d4 Nf6 2. c4 g6 3. Nc3 d6 4. e4 Bg7 5. f4 O-O 6. Nf3 c5 7. d5 a6 8. a4 Nfd7 9. Be2 f5 10. O-O fxe4 11. Nxe4 Nf6 12. Neg5 h6 13. Ne6 Bxe6 14. dxe6 Nc6 15. Bd3 Qc8 16. Re1 Nd8 17. Bxg6 Nxe6 18. Bf5 Kf7 19. Bxe6+ Qxe6 20. Rxe6 Kxe6 21.
f5+ Kxf5 22. Qe2 Kg6 23. Qe6 Rae8 24. Nh4+ Kh7 25. Qf5+ Kg8 26. Qg6 h5 27. Bh6 Rf7 28. Nf5 Nd7 29. Bxg7 1-0